 Dungeon Crawl Stone Soup version 0.27.0-1-g7a089689b8 (webtiles) character file.

Game seed: 10482319200894801946

4235 makewrite the Cleaver (level 10, -6/91 HPs)
             Began as a Hill Orc Monk on Aug 14, 2021.
             Was an Elder of Beogh.
             Mangled by Snorg (11 damage)
             ... on level 10 of the Dungeon.
             The game lasted 00:25:40 (13379 turns).

makewrite the Cleaver (Hill Orc Monk)              Turns: 13379, Time: 00:25:40

Health: -6/91      AC: 17    Str: 18    XL:     10   Next: 30%
Magic:  10/10      EV:  6    Int: 16    God:    Beogh [****..]
Gold:   1107       SH:  0    Dex: 13    Spells: 9/9 levels left

rFire    . . .     SeeInvis .   b - +0 trident (venom)
rCold    . . .     Faith    .   (no shield)
rNeg     . . .     Spirit   .   H - +0 plate armour
rPois    .         Reflect  .   (no helmet)
rElec    .         Harm     .   (no cloak)
rCorr    +         Rampage  .   c - +0 pair of gloves
Will     .....                  z - +1 pair of boots
Stlth    ..........             (no amulet)
HPRegen  0.25/turn              j - +6 ring of intelligence
MPRegen  0.12/turn              t - ring of resist corrosion

@: no status effects
A: no striking features
a: Renounce Religion, Smiting, Recall Orcish Followers


You were on level 10 of the Dungeon.
You worshipped Beogh.
Beogh was greatly pleased with you.
You visited 1 branch of the dungeon, and saw 10 of its levels.
You also visited: Sewer.

You collected 1197 gold pieces.
You spent 90 gold pieces at shops.

Inventory:

Hand Weapons
 a - a +0 vorpal hand axe
 b - a +0 trident of venom (weapon)
Armour
 c - a +0 pair of gloves (worn)
 z - a +1 pair of boots (worn)
 H - a +0 plate armour (worn)
Jewellery
 j - a +6 ring of intelligence (left hand)
 t - a ring of resist corrosion (right hand)
 B - a +6 ring of intelligence
Wands
 h - a wand of acid (11)
 i - a wand of iceblast (4) (quivered)
 w - a wand of flame (13)
 G - a wand of charming (11)
Scrolls
 d - a scroll of enchant armour
 f - 2 scrolls of identify
 k - a scroll of enchant weapon {unknown}
 o - 9 scrolls of teleportation
 y - 2 scrolls of magic mapping
Potions
 e - 3 potions of heal wounds
 g - a potion of flight {unknown}
 l - 3 potions of curing
 m - a potion of mutation {unknown}
 v - a potion of cancellation {unknown}
 x - 3 potions of might {unknown}
 C - 2 potions of magic {unknown}
 D - 4 potions of resistance {unknown}
 E - a potion of brilliance {unknown}
 F - 2 potions of invisibility {unknown}


   Skills:
 + Level 9.5 Fighting
 * Level 13.5 Axes
 + Level 7.9 Armour
 - Level 2.4 Dodging
 - Level 1.5 Stealth


You had 9 spell levels left.
You didn't know any spells.
Your spell library contained the following spells:

 Spells                   Type           Power      Damage    Failure   Level
 Freeze                   Ice            0%         1d3       100%        1
 Slow                     Hex            0%         N/A       100%        2
 Static Discharge         Conj/Air       0%         N/A       100%        2
 Sublimation of Blood     Necr           0%         N/A       100%        2
 Confusing Touch          Hex            0%         N/A       100%        3
 Frozen Ramparts          Ice            0%         1d2       100%        3
 Vampiric Draining        Necr           0%         2d6       100%        3
 Dispel Undead            Necr           0%         3d6       100%        4
 Hailstorm                Conj/Ice       0%         3d3       100%        4
 Olgreb's Toxic Radiance  Pois           0%         N/A       100%        4
 Petrify                  Tmut/Erth      0%         N/A       100%        4
 Sticky Flame             Conj/Fire      0%         2d3       100%        4
 Fireball                 Conj/Fire      0%         3d3       100%        5
 Irradiate                Conj/Tmut      0%         3d14      100%        5
 Iskenderun's Battlesphe  Conj           0%         2d6       100%        5
 Yara's Violent Unravell  Hex/Tmut       0%         3d3       100%        5
 Conjure Ball Lightning   Conj/Air       0%         3x3d6     100%        6
 Orb of Destruction       Conj           0%         N/A       100%        7
 Ozocubu's Refrigeration  Ice            0%         4d5       100%        7
 Ignition                 Fire           0%         3d3       100%        8


Dungeon Overview and Level Annotations

Branches:
Dungeon (10/15)            Temple (0/1) D:4            Lair (0/6) D:10
    Orc (0/2) D:9           Sewer (visited)

Altars:
Cheibriados
Dithmenos
Fedhas
Hepliaklqana
Makhleb
Nemelex Xobeh
Okawaru
Sif Muna
Vehumet
Xom
Yredelemnul
Zin
Beogh

Annotations:
D:10 Snorg


Message History

Unknown command.
You are too injured to fight recklessly!
Unknown command.
You are too injured to fight recklessly!
Unknown command.
You are too injured to fight recklessly!
Unknown command.
You closely miss Snorg.
Snorg is lightly wounded.
Your orc priest barely misses Snorg.
Your orc priest hits the mummy with a +0 hand axe.
Your orc hits the centaur zombie with a +0 morningstar.
Snorg bites you!
* * * LOW HITPOINT WARNING * * *
Snorg claws you but does no damage. x2
Your orc priest hits Snorg with a +0 club!
The mummy closely misses your orc priest.
The centaur zombie hits your orc.
The centaur zombie kicks your orc but does no damage.
Snorg bites your orc priest!!
Your orc priest dies!
Your orc warrior completely misses Snorg.
Your orc warrior hits the mummy with a +0 hand axe!
Your orc priest calls down the wrath of Beogh upon Snorg.
Snorg is smitten.
Snorg bites your orc priest!
Your orc priest dies!
There is a stone staircase leading up here.
A two-headed ogre comes into view.
It is wielding a +0 giant club and a +0 giant spiked club.
The two-headed ogre shouts in stereo!
Your orc knight hits the mummy with a +0 mace!
The mummy is destroyed!
Beogh accepts your kill.
Your orc priest invokes the aid of Beogh against Snorg.
Snorg is smitten.
Your orc warrior hits Snorg with a +0 hand axe!
Your orc hits Snorg with a +0 morningstar.
Snorg bites you!
* * * LOW HITPOINT WARNING * * *
Snorg claws you!
You die...

...... ..# ......
.... ......# ....
# ....... ...##.#
....... #....
......o##..# .
#......o...# .O.
#....ooT...##...#
#P...#..@Z......#
... ##........# .
#........##
...........##
.###...#####
#.(.. .....
.....8 ##....


You could see Snorg (berserk, extremely poisoned, ally target), a centaur
zombie, a friendly orc knight, a friendly orc warrior (strong), a friendly orc
priest (strong) and a friendly orc (strong).

Vanquished Creatures
  Sigmund (D:3)
  A yak (D:8)
  A water moccasin (D:8)
  An ice beast (D:6)
  4 centaurs
  A phantom (D:6)
  A wyvern zombie (D:7)
  2 scorpions (D:4)
  4 killer bees (D:8)
  2 centaur zombies (D:6)
  A hound (D:3)
  2 orc priests
  A jelly (D:6)
  2 iguanas (D:5)
  Terence (D:2)
  4 orc wizards
  9 adders
  A shadow imp (D:7)
  A white imp (D:6)
  3 ufetubi
  A worm (D:2)
  3 dart slugs
  15 orcs
  15 ball pythons
  6 bats
  5 endoplasms
  2 giant cockroaches
  7 goblins
  4 hobgoblins
  6 jackals (Sewer)
  10 kobolds
  4 quokkas
  2 frilled lizards
  12 rats
135 creatures vanquished.

Vanquished Creatures (collateral kills)
  A dancing weapon (D:8)
  The ghost of Delamore the Slicer, a novice OpBr of Gozag (D:8)
  3 slime creatures (D:9)
  5 yaks (D:8)
  A water moccasin (D:6)
  2 orc warriors (D:9)
  A black bear (D:7)
  A necrophage (D:10)
  An ogre (D:7)
  A bullfrog (D:8)
  7 killer bees (D:8)
  A hound (D:6)
  3 orc priests (D:9)
  A killer bee zombie (D:8)
  A mummy (D:10)
  8 orcs
38 creatures vanquished.

Vanquished Creatures (others)
  An orc knight (D:8)
  2 orc priests (D:10)
  9 orcs
  9 plants (Sewer)
21 creatures vanquished.

Grand Total: 194 creatures vanquished

Notes
Turn   | Place    | Note
-------+----------+-------------------------------------------
     0 | D:1      | makewrite the Hill Orc Monk began the quest for the Orb.
     0 | D:1      | Reached XP level 1. HP: 19/19 MP: 1/1
   395 | D:1      | Found a faded altar of an unknown god.
   401 | D:1      | Reached XP level 2. HP: 25/27 MP: 2/2
   671 | D:1      | Reached skill level 1 in Armour
  1158 | D:2      | Reached XP level 3. HP: 33/33 MP: 3/3
  1445 | D:2      | You fall into a shaft and drop 1 floor!
  1636 | D:2      | Reached skill level 5 in Axes
  1768 | D:2      | Noticed Terence
  1790 | D:2      | Killed Terence
  1791 | D:2      | Reached XP level 4. HP: 8/40 MP: 4/4
  2917 | D:3      | Noticed Sigmund
  2944 | D:3      | Killed Sigmund
  2945 | D:3      | Reached skill level 5 in Fighting
  2945 | D:3      | Reached skill level 6 in Axes
  2945 | D:3      | Reached XP level 5. HP: 4/48 MP: 0/5
  2945 | D:3      | Reached XP level 6. HP: 5/56 MP: 0/6
  3786 | D:4      | Reached skill level 7 in Axes
  3908 | D:4      | Found a blossoming altar of Fedhas.
  4017 | D:4      | Found a staircase to the Ecumenical Temple.
  4128 | D:4      | Found a hazy altar of Hepliaklqana.
  4709 | D:3      | Reached XP level 7. HP: 57/61 MP: 7/7
  4916 | D:4      | Became a worshipper of Beogh the Brigand
  4916 | D:4      | Reached * piety under Beogh
  4916 | D:4      | Reached ** piety under Beogh
  5048 | D:5      | Entered Level 5 of the Dungeon
  5284 | D:5      | Reached skill level 8 in Axes
  6573 | D:6      | Found a glowing drain.
  6594 | Sewer    | Entered a sewer
  7569 | D:6      | Reached skill level 9 in Axes
  7601 | D:6      | Reached *** piety under Beogh
  7602 | D:6      | Reached XP level 8. HP: 68/70 MP: 8/8
  8037 | D:6      | Found a radiant altar of Vehumet.
  8157 | D:6      | Reached skill level 10 in Axes
  8157 | D:6      | Reached skill level 5 in Armour
  8826 | D:7      | Found a burning altar of Makhleb.
  8851 | D:7      | Reached skill level 11 in Axes
  8851 | D:7      | Reached XP level 9. HP: 63/79 MP: 9/9
  9374 | D:7      | Identified a scroll of acquirement
  9374 | D:7      | Acquired 706 gold pieces
  9763 | D:8      | Found a runed translucent door.
  9763 | D:8      | Found a shimmering altar of Xom.
  9763 | D:8      | Noticed Delamore's ghost (novice OpBr)
  9764 | D:8      | Noticed a +0 short sword of chaos
  9774 | D:8      | Killed a +0 short sword of chaos
  9786 | D:8      | Killed Delamore's ghost
  9787 | D:8      | Reached skill level 12 in Axes
 10477 | D:8      | Found a shimmering blue altar of Sif Muna.
 10554 | D:8      | Reached XP level 10. HP: 63/91 MP: 10/10
 10559 | D:8      | Reached skill level 13 in Axes
 11082 | D:8      | Found a shadowy altar of Dithmenos.
 11142 | D:8      | Found Zin's Purification Station.
 11145 | D:8      | Found a glowing silver altar of Zin.
 11163 | D:8      | Bought a potion of curing for 90 gold pieces
 11895 | D:9      | Found an iron altar of Okawaru.
 11933 | D:9      | Found a staircase to the Orcish Mines.
 12016 | D:9      | Reached **** piety under Beogh
 12294 | D:9      | Found a sparkling altar of Nemelex Xobeh.
 12728 | D:9      | Found a snail-covered altar of Cheibriados.
 12729 | D:9      | Found a basalt altar of Yredelemnul.
 13192 | D:9      | Found a roughly hewn altar of Beogh.
 13367 | D:10     | Entered Level 10 of the Dungeon
 13367 | D:10     | Found a staircase to the Lair.
 13367 | D:10     | Noticed Snorg
 13378 | D:10     | Noticed a two-headed ogre
 13379 | D:10     | Mangled by Snorg

Illustrated notes

Levels and vault maps discovered:
D:1:      dpeg_arrival_chambers_temple_mockup, layout_loops_ring,
          ebering_ecumenical_altar_sacrificial
D:2:      layout_loops_corners, amcnicky_mini_rare_corridor_liquid, uniq_terence
D:3:      layout_basic, grunt_ministairs_8, item_on_display_a, uniq_sigmund
D:4:      layout_loops_cross, lemuel_doored_altar, nzn_hepliaklqana_mist_gate,
          minmay_temple_entry_junction
D:5:      layout_loops_corners
D:6:      layout_loops_ring, fiery_altar_vehumet, portal_sewer_entry_c
D:7:      layout_rooms, mainiacjoe_overflow_paths
D:8:      layout_rooms, tgw_sif, mainiacjoe_overflow_concentric_impassable,
          zin_purify, ebering_ghost_xom
D:9:      layout_roguey, mainiacjoe_overflow_boulevard,
          mainiacjoe_overflow_alcove_1, minitemple,
          minmay_orc_entry_temple_small
D:10:     layout_cave_pools, lair_entry_dummy, serial_undead, serial_undead_d,
          serial_undead_b, serial_undead_b, serial_undead_e, serial_undead_a,
          serial_undead_b, serial_undead_d, serial_undead_f, serial_undead_c,
          serial_undead_e, uniq_snorg, uniq_grum, uniq_joseph

Skill      XL: |  1  2  3  4  5  6  7  8  9 10 |
---------------+-------------------------------+-----
Armour         | 1 2 3 4 5 7 |  7.9
Fighting       | 4 5 6 7 9 |  9.5
Axes           | 5 6 7 9 11 12 13 | 13.5
Dodging        | |  2.4
Stealth        | |  1.5

Action                   |  1- 3 |  4- 6 |  7- 9 | 10-12 || total
-------------------------+-------+-------+-------+-------++-------
Melee: Hand axe          |    67 |   108 |   191 |       ||   366
       Trident           |       |       |   151 |    53 ||   204
Throw: Dart              |    79 |    87 |    45 |       ||   211
Invok: Convert to Beogh  |       |       |     1 |       ||     1
Evoke: Wand              |       |       |       |     3 ||     3
  Use: Scroll            |       |       |    14 |       ||    14
       Potion            |       |       |     1 |       ||     1
 Stab: Sleeping          |     1 |       |       |       ||     1
       Distracted        |       |       |     1 |       ||     1
       Confused          |       |       |     1 |       ||     1
Armor: Robe              |    11 |       |       |       ||    11
       Chain mail        |    13 |    66 |   196 |       ||   275
       Plate armour      |       |       |    62 |    35 ||    97
Dodge: Dodged            |    37 |    52 |   116 |    13 ||   218
